 Dungeon Crawl Stone Soup version 0.29.1-1-gd02db6906a (webtiles) character file.

Game seed: 5097141089355093880

272 Earthwalker the Covered (level 6, -6/53 HPs)
             Began as a Minotaur Fighter on Oct 6, 2022.
             Was an Initiate of Gozag.
             Killed by nerve-wracking pain
             ... invoked by Menkaure
              (10 damage)
             ... on level 4 of the Dungeon.
             The game lasted 00:17:20 (4572 turns).

Earthwalker the Covered (Minotaur Fighter)          Turns: 4572, Time: 00:17:20

Health: -6/53      AC:  7    Str: 21    XL:     6   Next: 2%
Magic:  5/5        EV:  9    Int:  5    God:    Gozag
Gold:   207        SH: 11    Dex: 11    Spells: 5/5 levels left

rFire   . . .      SeeInvis .   a - +0 long sword
rCold   . . .      Faith    .   c - +1 buckler
rNeg    . . .      Spirit   .   b - +0 scale mail
rPois   .          Reflect  +   (helmet restricted)
rElec   .          Harm     .   (no cloak)
rCorr   .          Rampage  .   (no gloves)
Will    .....                   (no boots)
Stlth   ..........              q - amulet of reflection
HPRegen 0.17/turn               l - ring of flight
MPRegen 0.09/turn               (no ring)

@: flying
A: horns 2, retaliatory headbutt
a: Renounce Religion, Potion Petition, Call Merchant, Bribe Branch


You were on level 4 of the Dungeon.
You worshipped Gozag.
Gozag was aware of your devotion.
You visited 2 branches of the dungeon, and saw 5 of its levels.
You also visited: Sewer.

You collected 278 gold pieces.
You paid 71 gold pieces to Gozag.

Inventory:

Hand Weapons
 a - a +0 long sword (weapon)
Missiles
 j - a throwing net (quivered)
Armour
 b - a +0 scale mail (worn)
 c - a +1 buckler (worn)
Jewellery
 l - a ring of flight (left hand)
 q - an amulet of reflection (around neck)
Wands
 v - a wand of iceblast (8)
 A - a wand of polymorph (6)
Scrolls
 f - 2 scrolls of identify
 g - 2 scrolls of butterflies
 h - 2 scrolls of noise
 k - 3 scrolls of fear
 m - a scroll of teleportation
 o - a scroll of blinking
 p - 2 scrolls of vulnerability
 t - a scroll of poison
 w - a scroll of torment
 x - a scroll of magic mapping
 y - a scroll of enchant armour
Potions
 d - a potion of might
 e - 5 potions of curing
 i - 5 potions of heal wounds
 n - a potion of magic {unknown}
 r - 2 potions of invisibility {unknown}
 s - a potion of flight {unknown}
 u - a potion of mutation {unknown}
 z - a potion of haste {unknown}


   Skills:
 + Level 4.7 Fighting
 + Level 4.7 Long Blades
 + Level 5.0 Armour
 + Level 1.2 Dodging
 + Level 0.3 Stealth
 + Level 4.7 Shields


You had 5 spell levels left.
You didn't know any spells.
Your spell library contained the following spells:

 Spells                   Type           Power      Damage    Failure   Level
 Apportation              Tloc           0%         N/A       87%         1
 Magic Dart               Conj           0%         1d3       87%         1
 Call Imp                 Summ           0%         N/A       95%         2
 Mephitic Cloud           Conj/Pois/Air  0%         N/A       99%         3
 Leda's Liquefaction      Hex/Erth       0%         N/A       100%        4
 Alistair's Intoxication  Tmut/Pois      0%         N/A       100%        5
 Lee's Rapid Deconstruct  Erth           0%         3d5*      100%        5
 Statue Form              Tmut/Erth      0%         N/A       100%        6


Dungeon Overview and Level Annotations

Branches:
Dungeon (4/15)             Temple (1/1) D:4           Sewer (visited)

Altars:
Ashenzari
Fedhas
Gozag
Kikubaaqudgha
Okawaru
Uskayaw
Xom
Zin

Annotations:
D:4 Menkaure


Innate Abilities, Weirdness & Mutations

You have a pair of horns on your head.
You reflexively headbutt those who attack you in melee.


Message History

HP restored.
There is a stone staircase leading down here.
You fly downwards.
Level annotation: Menkaure
There is a stone staircase leading up here.
Menkaure shouts!
Menkaure mumbles some strange words.
Menkaure seems to speed up.
You closely miss Menkaure.
Menkaure gestures at you while chanting.
You barely resist. Menkaure hits you!!
You barely miss Menkaure. You headbutt Menkaure!
Menkaure is moderately damaged.
Menkaure hits you!
You hit Menkaure.
Menkaure is heavily damaged.
You block Menkaure's attack.
You slash Menkaure!
Menkaure is almost destroyed.
You block Menkaure's attack.
Menkaure points at you and mumbles some strange words.
Pain shoots through your body!
You hit Menkaure but do no damage.
Menkaure is almost destroyed.
Menkaure casts a spell at you. Pain shoots through your body!
* * * LOW HITPOINT WARNING * * *
You barely miss Menkaure.
Menkaure is almost destroyed.
Menkaure calls on the powers of darkness!
Your body is wracked with pain!
* * * LOW HITPOINT WARNING * * *
Menkaure casts a spell at you.
You barely resist. You barely miss Menkaure.
Menkaure is almost destroyed.
Menkaure gestures at you while chanting.
Pain shoots through your body!
You die...
Your body crumbles into a pile of gold.

####### ... ......# #.#
#####.# #.# #.#
#.############## #.#
#.##......M...M.
#####.##########
#.##$###########
......#.......<# #.##.#
#.######.#####.###.##.#######
..........[.....@M...........
..######.#####.###.##.#######
### #.# #.# #....# #.# #.#
###### #.### #.# #...# #.#
###.# #.# #######.# #.#
####.......# #.#


You could see Menkaure (fast).

Vanquished Creatures
  Pargi (Sewer)
  A jelly (D:4)
  An iguana (D:4)
  4 adders
  4 worms
  4 dart slugs
  An orc (D:4)
  7 endoplasms
  A giant cockroach (D:1)
  6 goblins
  4 hobgoblins
  10 jackals
  A quokka (D:1)
  8 ball pythons
  5 bats
  16 frilled lizards
  4 kobolds
  7 rats
85 creatures vanquished.

Vanquished Creatures (others)
  10 plants
10 creatures vanquished.

Grand Total: 95 creatures vanquished

Notes
Turn   | Place    | Note
-------+----------+-------------------------------------------
     0 | D:1      | Earthwalker the Minotaur Fighter began the quest for the
                  | Orb.
     0 | D:1      | Reached XP level 1. HP: 19/19 MP: 0/0
   260 | D:1      | Found a faded altar of an unknown god.
   325 | D:1      | Reached XP level 2. HP: 25/27 MP: 1/1
   661 | D:1      | Reached skill level 4 in Armour
   916 | D:2      | Reached XP level 3. HP: 26/33 MP: 2/2
  1065 | D:2      | You are sucked into a shaft and drop 1 floor!
  1393 | D:2      | Reached XP level 4. HP: 41/41 MP: 3/3
  2885 | D:4      | Found a glowing drain.
  3009 | Sewer    | Entered a sewer
  3062 | Sewer    | Noticed Pargi
  3506 | Sewer    | Killed Pargi
  3507 | Sewer    | Reached skill level 1 in Dodging
  3507 | Sewer    | Reached XP level 5. HP: 33/47 MP: 4/4
  3743 | D:4      | Found a staircase to the Ecumenical Temple.
  3760 | Temple   | Entered the Ecumenical Temple
  3815 | Temple   | Became a worshipper of Gozag Ym Sagoz the Greedy
  4332 | D:4      | Noticed Menkaure
  4347 | D:4      | Reached skill level 5 in Armour
  4347 | D:4      | Reached XP level 6. HP: 17/53 MP: 5/5
  4572 | D:4      | Killed from afar by Menkaure

Illustrated notes

Levels and vault maps discovered:
D:1:      dpeg_arrival_stonehenge_8_columns, layout_basic,
          hellmonk_ecumenical_altar_zigzags,
          hangedman_abyss_or_decor_lesser_grid, minmay_misc_feat_four_crosses
D:2:      layout_rooms, minmay_misc_feat_rows, nicolae_wormholes
D:3:      layout_basic, serial_curves, eino_curves_02, eino_curves_04,
          minmay_lizard_king
D:4:      kennysheep_the_goblin_king, layout_basic,
          minmay_temple_entry_overgrown, cheibrodos_sewer_entry_bend,
          minmay_pentangle, uniq_menkaure
Temple:   hellmonk_temple_flake

Skill      XL: |  1  2  3  4  5 |
---------------+----------------+-----
Fighting       | 4 |  4.7
Armour         | 4 5 |  5.0
Long Blades    | 3 4 |  4.7
Shields        | 4 |  4.7
Dodging        | 1 |  1.2
Stealth        | |  0.3

Action                   |  1- 3 |  4- 6 || total
-------------------------+-------+-------++-------
Melee: Long sword        |    92 |   142 ||   234
       Headbutt          |    11 |    22 ||    33
  Use: Scroll            |       |    12 ||    12
Armor: Scale mail        |    31 |    60 ||    91
Dodge: Dodged            |    41 |    44 ||    85
Block: Buckler           |    19 |    88 ||   107
       Reflection        |       |     2 ||     2
